 Dungeon Crawl Stone Soup version 0.17-a0-1802-g9847487 (webtiles) character file.

57 Rationalist the Shield-Bearer (level 4, -10/36 HPs)
             Began as a Formicid Fighter on Sept 11, 2015.
             Killed from afar by Terence (11 damage)
             ... with a wand of flame
             ... on level 2 of the Dungeon.
             The game lasted 00:02:32 (1586 turns).

Rationalist the Shield-Bearer (Formicid Fighter)    Turns: 1586, Time: 00:02:32

Health: -10/36     AC:  5    Str: 26    XL:     4   Next: 18%
Magic:  4/4        EV:  9    Int: 12    God:
Gold:   97         SH: 10    Dex: 11    Spells: 0 memorised, 3 levels left

rFire  . . .     SeeInvis +     a - +0 war axe
rCold  + . .     Clarity  .     q - +0 ring mail {rC+}
rNeg   . . .     SustAt   .     c - +0 shield
rPois  .         Gourm    .     (helmet unavailable)
rElec  .         Spirit   .     (no cloak)
rCorr  .         Warding  .     (no gloves)
rMut   .         Stasis   +     (no boots)
MR     .....                    (no amulet)
Stlth  +.........               (no ring)
                                (no ring)

@: mighty, brilliant, not resistant to hostile enchantments, very unstealthy
A: permanent stasis, dig shafts and tunnels, four strong arms, antennae 3
a: Dig, Shaft Self


You were on level 2 of the Dungeon.
You were not hungry.

You visited 1 branch of the dungeon, and saw 2 of its levels.

You collected 97 gold pieces.

Inventory:

Hand weapons
 a - a +0 war axe (weapon)
Missiles
 b - 13 tomahawks (quivered)
 h - 55 sling bullets
 s - 6 poisoned bolts
Armour
 c - a +0 shield (worn)
 q - a +0 ring mail of cold resistance (worn)
Scrolls
 f - a scroll of magic mapping {unknown}
 i - 5 scrolls of identify {unknown}
 j - a scroll of enchant armour {unknown}
 k - a scroll of enchant weapon {unknown}
 l - a scroll of fear {unknown}
 o - a scroll of teleportation {unknown}
 p - 2 scrolls of remove curse {unknown}
 r - 3 scrolls of recharging {unknown}
Potions
 m - a potion of haste
Books
 t - a book of the Sky

   Spells                             Type                      Level
   a - Summon Lightning Spire         Summoning/Air                4
   b - Airstrike                      Air                          4
   c - Silence                        Hexes/Air                    5
   d - Deflect Missiles               Charms/Air                   6
   e - Conjure Ball Lightning         Conjuration/Air              6
   f - Tornado                        Air                          9
Comestibles
 e - 2 bread rations
 n - a meat ration
 u - a slice of pizza


   Skills:
 + Level 3.6 Fighting
 + Level 2.2 Axes
 + Level 3.8 Armour
 + Level 1.2 Dodging
 + Level 4.2 Shields


You had 3 spell levels left.
You didn't know any spells.

Dungeon Overview and Level Annotations

Branches:
Dungeon (2/15)

Altars:
Elyvilon

Annotations:
D:2 Terence


Innate Abilities, Weirdness & Mutations

You are under a permanent stasis effect.
You can dig through walls and to a lower floor.
Your four strong arms can wield two-handed weapons with a shield.
You have a pair of large antennae on your head (SInv).


Message History

The puff of flame misses you.
Your shield prevents you from hitting Terence.
Terence is heavily wounded.
Terence zaps a wand.
You block the puff of flame.
You closely miss Terence.
Terence is heavily wounded.
Terence closely misses you.
You hit Terence.
Terence is heavily wounded.
Terence zaps a wand.
The puff of flame hits you!
* * * LOW HITPOINT WARNING * * *
Terence hits you but does no damage.
You hit Terence but do no damage.
Terence is heavily wounded.
You block Terence's attack.
Drink which item? (? for menu, Esc to quit)
It was a potion of brilliance.
You feel clever all of a sudden.
Terence zaps a wand.
The puff of flame hits you!
You die...

##....# #< ##.....##
#.####.......#
#............# #
#..###.......# .
#..##........# #
##..##>##...#.#####. #
#####..@##.#............
.
.......@.....#.##.######
# #####...##...#.##.#
###.####.#.##.# {
##.####.#.##.# .
..........##.# .
##.###..†###.#
#.>.........#
#.###..>##### ##.##


You could see Terence.

Vanquished Creatures
  2 adders (D:2)
  2 giant geckos
  4 hobgoblins
  6 kobolds
  A quokka (D:2)
  A ball python (D:1)
  8 bats
  2 giant cockroaches
  4 goblins
  7 rats
37 creatures vanquished.

Notes
Turn   | Place    | Note
--------------------------------------------------------------
     0 | D:1      | Rationalist the Formicid Fighter began the quest for the Orb.
     0 | D:1      | Reached XP level 1. HP: 18/18 MP: 1/1
   216 | D:1      | Reached XP level 2. HP: 22/24 MP: 2/2
   666 | D:1      | Reached XP level 3. HP: 27/29 MP: 3/3
   935 | D:2      | Reached skill level 4 in Shields
  1060 | D:2      | Found a white marble altar of Elyvilon.
  1141 | D:2      | HP: 1/29 [poisoned by an adder]
  1146 | D:2      | Reached skill level 1 in Dodging
  1146 | D:2      | Reached XP level 4. HP: 12/36 MP: 4/4
  1574 | D:2      | Noticed Terence
  1584 | D:2      | HP: 1/36 [Terence/wand of flame (5)]
  1586 | D:2      | Killed from afar by Terence

Vault maps used:
D:1:      dpeg_arrival_chambers_temple_mockup
D:2:      nicolae_overflow_crystal_walls, first_bread, uniq_terence

Action                   |  1- 3 |  4- 6 || total
-------------------------+-------+-------++-------
Melee: War axe           |    95 |    23 ||   118
  Use: Potion            |     1 |     2 ||     3
  Eat: Chunk             |     1 |     1 ||     2
